 Dungeon Crawl Stone Soup version 0.30-a0-219-gf2db51d15e (webtiles) character file.

Game seed: 9468373950498846285

2158 bande the Chopper (level 9, -6/55 HPs)
             Began as a Gargoyle Fighter on Oct 7, 2022.
             Mangled by a steam dragon (8 damage)
             ... on level 6 of the Dungeon.
             The game lasted 00:10:11 (5722 turns).

bande the Chopper (Gargoyle Fighter)                Turns: 5722, Time: 00:10:11

Health: -6/55      AC: 19    Str: 21    XL:     9   Next: 31%
Magic:  9/9        EV:  9    Int:  8    God:
Gold:   432        SH: 10    Dex: 13    Spells: 8/8 levels left

rFire   . . .      SeeInvis .    a - +0 war axe (freeze)
rCold   . . .      Faith    .    h - +0 kite shield
rNeg    + . .      Spirit   .    k - +0 swamp dragon scales
rPois   ∞          Reflect  .    g - +0 helmet
rElec   +          Harm     .    I - +2 cloak
rCorr   .          Rampage  .    (no gloves)
Will    .....                    (no boots)
Stlth   +.........               (no amulet)
HPRegen 0.29/turn                (no ring)
MPRegen 0.11/turn                (no ring)

@: mesmerised
A: sickness immunity, AC +6, negative energy resistance 1, electricity
resistance, torment resistance 1, petrification resistance
a: no special abilities


You were on level 6 of the Dungeon.
You visited 1 branch of the dungeon, and saw 6 of its levels.
You also visited: Ossuary.

You collected 432 gold pieces.

Inventory:

Hand Weapons
 a - a +0 war axe of freezing (weapon)
 e - the +7 lajatang of Order {silver, rMut}
   (You found it on level 4 of the Dungeon)

   It inflicts extra damage upon those it strikes, and deals substantially
   increased damage to chaotic, mutated and magically transformed beings.
   rMut:      It protects you from mutation.
 m - a +0 flail
 G - a +3 flail
 J - a +2 hammer of draining
Missiles
 H - a throwing net (quivered)
Armour
 b - a +0 scale mail
 g - a +0 helmet (worn)
 h - a +0 kite shield (worn)
 i - a +0 cloak
 k - +0 swamp dragon scales (worn)
 I - a +2 cloak (worn)
Jewellery
 o - a ring of magical power
 p - a ring of wizardry
 F - a +6 ring of dexterity
Wands
 n - a wand of paralysis (1)
 y - a wand of polymorph (8)
Scrolls
 c - 4 scrolls of teleportation
 f - 9 scrolls of identify
 j - a scroll of amnesia
 l - a scroll of vulnerability {unknown}
 q - a scroll of torment {unknown}
 t - a scroll of immolation {unknown}
 u - 2 scrolls of enchant weapon {unknown}
 v - 2 scrolls of fear {unknown}
 w - a scroll of brand weapon
 C - a scroll of silence {unknown}
 E - a scroll of noise {unknown}
Potions
 d - 2 potions of might
 r - a potion of invisibility {unknown}
 s - a potion of mutation {unknown}
 x - 2 potions of haste {unknown}
 z - 2 potions of cancellation {unknown}
 A - a potion of flight {unknown}
 B - a potion of heal wounds
 D - a potion of curing {unknown}


   Skills:
 + Level 6.1 Fighting
 + Level 7.7 Axes
 + Level 6.2 Armour
 - Level 0.1 Dodging
 + Level 6.6 Shields
 * Level 1.4 Evocations


You had 8 spell levels left.
You didn't know any spells.
Your spell library contained the following spells:

 Spells                   Type           Power      Damage    Failure   Level
 Sting                    Tmut/Pois      0%         1d3       87%         1
 Poisonous Vapours        Pois/Air       0%         N/A       95%         2
 Olgreb's Toxic Radiance  Pois           0%         N/A       100%        4


Dungeon Overview and Level Annotations

Branches:
Dungeon (6/15)            Ossuary (visited)
 Temple: D:4-7

Altars:

Shops:
D:4 (([[

Annotations:
D:6 Maggie


Innate Abilities, Weirdness & Mutations

You are immune to sickness and miasma.
Your stone body is resilient. (AC +6)
You are immune to poison.
You resist negative energy. (rN+)
You are resistant to electric shocks. (rElec)
You are resistant to unholy torment.
You are immune to petrification.


Message History

The ball of steam misses you.
The steam dragon bites you but does no damage.
The steam dragon closely misses you.
Maggie points at you and mumbles some strange words.
The bolt of fire hits you but does no damage.
The bolt of fire hits the adder!
The adder dies!
You hit Maggie but do no damage.
Maggie is almost dead.
You hit the steam dragon. You freeze the steam dragon.
You are engulfed in a cloud of scalding steam.
The steam dragon bites you but does no damage.
The steam dragon barely misses you. You block Maggie's attack.
You hit Maggie but do no damage.
Maggie is almost dead.
You hit the steam dragon. You freeze the steam dragon.
Maggie barely misses you. The steam dragon barely misses you.
The steam dragon claws you but does no damage.
Unknown command.
You hit Maggie but do no damage.
Maggie is almost dead.
You closely miss the steam dragon. You block Maggie's attack.
The steam dragon bites you but does no damage.
The steam dragon closely misses you. You block the steam dragon's attack.
The steam dragon claws you but does no damage.
Maggie gestures at you while chanting. The bolt of fire hits you!
* * * LOW HITPOINT WARNING * * *
You barely miss Maggie.
Maggie is almost dead.
You hit the steam dragon but do no damage.
The steam dragon barely misses you.
The steam dragon claws you but does no damage.
Maggie casts a spell at you. The bolt of fire hits you!
* * * LOW HITPOINT WARNING * * *
You barely miss Maggie.
Maggie is almost dead.
You barely miss the steam dragon. The steam dragon bites you!
You die...

.#######.# .#
## #.#.###.#
..#<#.#...# #
#.#.#...^..
#.###.#.#...#
.......§....##.
.#.............
......#.....##.
.#.##.†@@...# #
#.#D...##
#.#........ .
#.#...#.. ##
...$..# .
..#.#.# .......
.#.# # ##


You could see Maggie (mesmerising) and a steam dragon.

Vanquished Creatures
  Pikel (D:4)
  Sigmund (D:2)
  A wraith (Ossuary)
  Duvessa (D:4)
  A sky beast (D:5)
  An ice beast (D:5)
  An ogre (D:5)
  A phantom (D:5)
  3 lemures (D:4)
  An elf zombie (Ossuary)
  A kobold brigand (D:3)
  A scorpion (D:4)
  Dowan (D:4)
  A jelly (D:5)
  7 hounds
  A human zombie (Ossuary)
  An orc priest (D:5)
  Crazy Yiuf (D:5)
  An iguana (D:5)
  Ijyb (D:3)
  2 orc wizards
  3 mummies (Ossuary)
  7 gnolls
  5 adders
  An ufetubus (D:5)
  A worm (D:3)
  A dart slug (D:2)
  8 orcs
  7 endoplasms
  6 giant cockroaches
  8 goblins
  15 hobgoblins
  43 kobolds
  A quokka (D:2)
  7 ball pythons
  A bat (D:1)
  3 frilled lizards
  6 goblin zombies (Ossuary)
  2 hobgoblin zombies (Ossuary)
  A kobold zombie (Ossuary)
  11 rats
167 creatures vanquished.

Vanquished Creatures (others)
  An adder (D:6)
1 creature vanquished.

Grand Total: 168 creatures vanquished

Notes
Turn   | Place    | Note
-------+----------+-------------------------------------------
     0 | D:1      | bande the Gargoyle Fighter began the quest for the Orb.
     0 | D:1      | Reached XP level 1. HP: 14/14 MP: 1/1
   186 | D:1      | Reached XP level 2. HP: 19/19 MP: 2/2
   232 | D:1      | Found a faded altar of an unknown god.
   331 | D:1      | Reached skill level 2 in Axes
   585 | D:2      | Reached XP level 3. HP: 20/23 MP: 3/3
   597 | D:2      | Noticed Sigmund
   605 | D:2      | Killed Sigmund
   606 | D:2      | Reached skill level 3 in Axes
   606 | D:2      | Reached XP level 4. HP: 11/29 MP: 4/4
   606 | D:2      | Reached XP level 5. HP: 13/33 MP: 5/5
  1020 | D:2      | Reached XP level 6. HP: 38/38 MP: 6/6
  1926 | D:3      | Reached skill level 4 in Axes
  1934 | D:3      | Reached skill level 5 in Armour
  2421 | D:3      | Noticed Ijyb
  2421 | D:3      | Paralysed by Ijyb for 3 turns
  2425 | D:3      | Paralysed by Ijyb for 2 turns
  2430 | D:3      | Paralysed by Ijyb for 3 turns
  2436 | D:3      | Killed Ijyb
  2437 | D:3      | Reached XP level 7. HP: 35/44 MP: 7/7
  2813 | D:4      | Found the +7 lajatang of Order {silver, rMut}
  2888 | D:4      | Found Upsuukho's Armour Shoppe.
  2888 | D:4      | Found Xuaneth's Armour Shoppe.
  2891 | D:4      | Found Ginochin's Weapon Shoppe.
  2894 | D:4      | Found Tafoel's Weapon Shoppe.
  2993 | D:4      | Found a sand-covered staircase.
  3003 | Ossuary  | Entered an ossuary
  3003 | Ossuary  | Noticed a wraith
  3003 | Ossuary  | Noticed a wraith
  3003 | Ossuary  | Noticed a wraith
  3276 | Ossuary  | Reached skill level 5 in Axes
  3502 | Ossuary  | Noticed a wraith
  3512 | Ossuary  | HP: 2/44 [wraith (7)]
  3517 | Ossuary  | HP: 1/44 [wraith (4)]
  3521 | Ossuary  | Killed a wraith
  3739 | D:4      | Noticed Pikel
  3754 | D:4      | Killed Pikel
  3755 | D:4      | Reached skill level 5 in Fighting
  3755 | D:4      | Reached skill level 6 in Axes
  3755 | D:4      | Reached skill level 5 in Shields
  3755 | D:4      | Reached XP level 8. HP: 17/50 MP: 8/8
  4083 | D:4      | Noticed Duvessa
  4083 | D:4      | Noticed Dowan
  4095 | D:4      | Killed Duvessa
  4105 | D:4      | Killed Dowan
  4637 | D:5      | Entered Level 5 of the Dungeon
  4659 | D:5      | Reached skill level 7 in Axes
  4790 | D:5      | Reached XP level 9. HP: 10/55 MP: 9/9
  5151 | D:5      | Reached skill level 1 in Evocations
  5328 | D:5      | Found a runed translucent door.
  5329 | D:5      | Noticed Crazy Yiuf
  5569 | D:5      | Killed Crazy Yiuf
  5629 | D:6      | Noticed Maggie
  5721 | D:6      | HP: 2/55 [Maggie/bolt of fire (7)]
  5722 | D:6      | Mangled by a steam dragon

Illustrated notes

Levels and vault maps discovered:
D:1:      dpeg_arrival_yet_another_circle, layout_basic,
          shapermc_ecumenical_altar_petra, minmay_split_cup_small
D:2:      layout_basic, uniq_sigmund
D:3:      minmay_goblin_kobold_castle, layout_loops_cross,
          hangedman_decor_peaks_small, uniq_ijyb
D:4:      layout_basic, nicolae_ossuary_entry_monument,
          hangedman_abyss_or_decor_jellyfish_corner, minmay_shop_grid_forest,
          uniq_duvessa, uniq_pikel
D:5:      layout_cave_pools, uniq_crazy_yiuf_cottage
D:6:      layout_basic, portal_sewer_entry_b, uniq_eustachio, uniq_maggie

Skill      XL: |  1  2  3  4  5  6  7  8  9 |
---------------+----------------------------+-----
Axes           | 2 3 4 6 7 |  7.7
Fighting       | 4 5 6 |  6.1
Armour         | 4 5 6 |  6.2
Shields        | 4 5 6 |  6.6
Evocations     | 1 |  1.4
Dodging        | |  0.1

Action                   |  1- 3 |  4- 6 |  7- 9 || total
-------------------------+-------+-------+-------++-------
Melee: War axe           |    67 |   197 |   245 ||   509
  Use: Potion            |     1 |       |     1 ||     2
       Scroll            |       |       |     4 ||     4
Armor: Scale mail        |    52 |    60 |       ||   112
       Swamp dragon scal |       |    94 |   137 ||   231
Dodge: Dodged            |    26 |   109 |    97 ||   232
Block: Buckler           |     8 |     8 |       ||    16
       Kite shield       |       |    99 |   155 ||   254

Table legend: (Time is in decaauts)
 A = Elapsed time spent in this place.
 B = Non-inter-level travel time spent in this place.
 C = Inter-level travel time spent in this place.
 D = Time resting spent in this place.
 E = Time spent auto-exploring this place.
 F = Levels seen in this place.
 G = Mean time per level.
                   A        B        C        D        E       F      G
               +--------+--------+--------+--------+--------+-----+--------+
         Total |   5964 |   5943 |     21 |   1499 |   2903 |   7 |  852.0 |
       Dungeon |   5239 |   5218 |     21 |   1310 |   2576 |   6 |  873.2 |
       Ossuary |    725 |    725 |      0 |    189 |    327 |   1 |  725.0 |
               +--------+--------+--------+--------+--------+-----+--------+

Top non-repeatable levels by time:
     D:3: 1566 daAuts
     D:4: 1239 daAuts
     D:5: 1018 daAuts
     D:2: 791 daAuts
 Ossuary: 725 daAuts
     D:1: 584 daAuts
     D:6: 39 daAuts
